 Dungeon Crawl Stone Soup version 0.17-a0-744-gaa96792 (webtiles) character file.

2773 xeno23 the Frost Mage (level 9, 0/61 HPs)
             Began as a Merfolk Ice Elementalist on Apr 21, 2015.
             Was a Believer of Vehumet.
             Slain by a titan simulacrum (27 damage)
             ... on level 1 of the Abyss.
             The game lasted 00:58:34 (8684 turns).

xeno23 the Frost Mage (Merfolk Ice Elementalist)    Turns: 8684, Time: 00:58:34

Health: 0/61       AC: 10    Str:  5    XL:     9   Next: 70%
Magic:  15/16      EV: 14    Int: 15    God:    Vehumet [**....]
Gold:   467        SH:  0    Dex: 12    Spells: 4 memorised, 7 levels left

rFire  x . .     SeeInvis .     g - +0 spear (chaos)
rCold  + . .     Rnd*Rage +     K - +2 robe
rNeg   . . .     SustAb   .     (no shield)
rPois  +         Gourm    .     (no helmet)
rElec  .         Spirit   .     j - +0 cloak
rCorr  .         Warding  .     k - +2 pair of gloves
rMut   .         Stasis   .     r - +1 pair of boots
MR     .....                    (no amulet)
Stlth  ++........               i - ring of poison resistance
                                e - ring of ice

@: very slightly contaminated, hasted, very quick, not resistant to hostile
enchantments, unstealthy
A: change form in water, swift swim, berserk 1, blurry vision 3, clumsy 1,
deterioration 1, dopey 1, weak 2, placid magic 1
a: Renounce Religion


You were on level 1 of the Abyss.
You worshipped Vehumet.
Vehumet was pleased with you.
You were not hungry.

You visited 2 branches of the dungeon, and saw 9 of its levels.
You visited the Abyss 1 time.

You collected 467 gold pieces.

Inventory:

Hand weapons
 g - a +0 spear of chaos (weapon)
 o - a +0 blowgun
 v - a cursed +0 halberd of freezing
 I - a +2 rapier of venom
Missiles
 f - 2 throwing nets (quivered)
 A - 20 poisoned needles
Armour
 j - a +0 cloak (worn)
 k - a +2 pair of gloves (worn)
 r - a +1 pair of boots (worn)
 z - the +2 helmet "Hamum" {-Tele Int+4}
   (You took it off Robin on level 4 of the Dungeon)

   It affects your intelligence (+4).
   It prevents most forms of teleportation.
 K - a +2 robe (worn)
Jewellery
 e - a ring of ice (left hand)
 h - an uncursed ring of teleportation
 i - a ring of poison resistance (right hand)
 l - an uncursed amulet of stasis
 F - a cursed amulet of resist corrosion
Magical devices
 y - a wand of flame (3)
 J - a wand of digging (8)
 L - a wand of enslavement (1)
Scrolls
 s - 3 scrolls of teleportation
 G - a scroll of magic mapping
Potions
 d - a potion of cure mutation
 p - a potion of might {unknown}
 q - a potion of restore abilities
 t - 3 potions of brilliance
 u - a potion of invisibility {unknown}
 x - a potion of heal wounds {unknown}
 E - 2 potions of mutation {unknown}
Books
 a - a book of Battle

   Spells                             Type                      Level
   a - Infusion                       Charms                       1
   b - Shroud of Golubria             Charms/Translocation         2
   c - Song of Slaying                Charms                       2
   d - Spectral Weapon                Hexes/Charms                 3
   e - Regeneration                   Charms/Necromancy            3
 b - a book of Frost

   Spells                             Type                      Level
   a - Freeze                         Ice                          1
   b - Throw Frost                    Conjuration/Ice              2
   c - Ozocubu's Armour               Charms/Ice                   3
   d - Throw Icicle                   Conjuration/Ice              4
   e - Summon Ice Beast               Ice/Summoning                4
   f - Condensation Shield            Ice                          4
 B - a book of Flames

   Spells                             Type                      Level
   a - Flame Tongue                   Conjuration/Fire             1
   b - Throw Flame                    Conjuration/Fire             2
   c - Conjure Flame                  Conjuration/Fire             3
   d - Inner Flame                    Hexes/Fire                   3
   e - Sticky Flame                   Conjuration/Fire             4
   f - Fireball                       Conjuration/Fire             5
Comestibles
 c - 3 bread rations
 w - 4 meat rations


   Skills:
 + Level 2.2 Fighting
 + Level 3.4 Polearms
 + Level 4.5 Dodging
 - Level 2.1 Stealth
 + Level 5.1 Spellcasting
   Level 0.7 Conjurations
 + Level 5.0 Charms
 - Level 7.0 Summonings
 * Level 8.3 Ice Magic


You had 7 spell levels left.
You knew the following spells:

 Your Spells              Type           Power        Failure   Level  Hunger
a - Freeze                Ice            ####         1%          1    None
c - Summon Ice Beast      Ice/Summ       ####....     4%          4    ####...
t - Regeneration          Chrm/Necr      #.........   11%         3    ###....
x - Ozocubu's Armour      Chrm/Ice       ###.....     1%          3    ###....


Dungeon Overview and Level Annotations

Branches:
Dungeon (8/15)             Temple (1/1) D:7
   Lair: D:8-11

Altars:
Ashenzari
Cheibriados
Dithmenos
Elyvilon
Fedhas
Gozag
Kikubaaqudgha
Makhleb
Okawaru
Ru
Sif Muna
Trog
Vehumet
Xom
Yredelemnul
Zin
The Shining One

Annotations:
D:8 Erolcha; emiel's ghost, experienced MfIE


Innate Abilities, Weirdness & Mutations

You revert to your normal form in water.
You are very nimble and swift while swimming.
[You tend to lose your temper in combat.]
[Scrolls take you much longer to read.]
[You are clumsy. (Dex -2)]
[Your body is slowly deteriorating.]
[You are dopey. (Int -2)]
[You are very weak. (Str -4)]
[Your spells are a little easier to cast, but a little less powerful.]


Message History

A large abomination comes into view.
Drink which item? (? for menu, Esc to quit)
You feel yourself speed up.
You are very lightly contaminated with residual magic.
The wretched star pulses with an eldritch light!
Your vision blurs.
You feel stupid.
Your vision blurs.
Your ice beast twists and deforms.
Your skin is crawling a little less now.
The wretched star pulses with an eldritch light!
You feel weaker.
You feel a little pissed off.
You feel clumsy.
You feel yourself wasting away.
Your skin stops crawling.
Found 56 gold pieces.
A starcursed mass comes into view.
You see here 56 gold pieces.
You now have 467 gold pieces (gained 56).
The starcursed mass moves out of view.
A titan simulacrum comes into view.
The titan simulacrum hits you!! The titan simulacrum freezes you!! You resist.
You die...

... .#..## #.#.#
##..## .#. # ... ..
### ..... #.# ....#
#.. #.#.#..#### .#..
..## .# #..###.# ..#
.... .#.#.
.##.######.#..#
....####..##..#@Z.# ..
#.###......#.#...#
.#.##..Y.#.#...###.#.#
#..............# ..#..
#.###...###....# .# .
#. #...## ##...# #. .
#..#. #...# .. # .#..
.#.... .#.#.# .#.####


You could see a titan simulacrum.

Vanquished Creatures
  A hippogriff (D:7)
  Menkaure (D:4)
  An ice beast (D:6)
  An ogre (D:4)
  A centaur (D:6)
  A big kobold (D:7)
  2 giant frogs
  A scorpion (D:6)
  3 wights (D:7)
  2 crimson imps
  A giant frog zombie (D:5)
  5 orc priests
  3 hounds
  2 iguanas (D:7)
  5 orc wizards
  3 worker ants
  Natasha (D:4)
  A killer bee zombie (D:6)
  Robin (D:4)
  10 gnolls
  12 adders
  4 shadow imps (D:6)
  An adder zombie (D:5)
  A worm (D:3)
  14 orcs
  A bat skeleton (D:4)
  A bat zombie (D:7)
  16 goblins
  14 hobgoblins
  13 kobolds
  2 quokkas
  A ball python zombie (D:5)
  14 bats
  6 giant cockroaches
  A giant gecko (D:3)
  3 giant newts
  10 jackals
  13 rats
173 creatures vanquished.

Vanquished Creatures (collateral kills)
  Joseph (D:7)
  Prince Ribbit (D:7)
  Duvessa (D:7)
  An ice beast (D:5)
  4 necrophages (D:7)
  An ogre (D:6)
  Dowan (D:7)
  A killer bee (D:8)
  A wight (D:7)
  An orc wizard (D:7)
  A centaur skeleton (D:6)
  An orc priest (D:7)
  A mummy (D:7)
  6 gnolls
  A worm (D:6)
  6 orcs
  A ball python (D:7)
  A bat zombie (D:6)
  A hobgoblin (D:7)
  2 kobolds
  A bat (D:7)
  A giant gecko skeleton (D:7)
36 creatures vanquished.

Vanquished Creatures (others)
  A raiju (Abyss:1)
  6 ice beasts
7 creatures vanquished.

Grand Total: 216 creatures vanquished

Notes
Turn   | Place    | Note
--------------------------------------------------------------
     0 | D:1      | xeno23, the Merfolk Ice Elementalist, began the quest for the Orb.
     0 | D:1      | Reached XP level 1. HP: 13/13 MP: 3/3
   227 | D:1      | Found a white marble altar of Elyvilon.
   755 | D:2      | Reached XP level 2. HP: 14/19 MP: 0/5
   900 | D:2      | Reached skill level 4 in Ice Magic
  1113 | D:2      | Reached XP level 3. HP: 21/24 MP: 2/6
  1383 | D:2      | Reached skill level 5 in Ice Magic
  1429 | D:2      | Reached XP level 4. HP: 8/30 MP: 0/7
  1738 | D:2      | Found a shimmering altar of Xom.
  2317 | D:3      | Reached skill level 6 in Ice Magic
  2424 | D:4      | Reached XP level 5. HP: 35/35 MP: 6/8
  2430 | D:4      | Learned a level 4 spell: Summon Ice Beast
  2434 | D:4      | Learned a level 3 spell: Ozocubu's Armour
  2466 | D:4      | Noticed a giant frog
  2469 | D:4      | Noticed an ogre
  2470 | D:4      | Noticed Robin
  2864 | D:4      | Noticed Menkaure
  3080 | D:4      | Reached skill level 1 in Summonings
  3085 | D:4      | Found Alia's Book Shoppe.
  3142 | D:4      | Killed a giant frog
  3142 | D:4      | Reached XP level 6. HP: 26/41 MP: 6/10
  3212 | D:4      | Killed an ogre
  3500 | D:4      | Reached skill level 1 in Charms
  3618 | D:4      | Noticed Natasha
  3626 | D:4      | Killed Natasha
  3626 | D:4      | Reached XP level 7. HP: 42/46 MP: 9/11
  3666 | D:4      | Killed Robin
  4023 | D:4      | Killed Menkaure
  4391 | D:4      | Got a jewelled helmet
  4398 | D:4      | Identified the +2 helmet "Hamum" {-Tele Int+4} (You took it off Robin on level 4 of the Dungeon)
  4611 | D:5      | Entered Level 5 of the Dungeon
  4633 | D:5      | Reached skill level 7 in Ice Magic
  4723 | D:5      | Found a glowing silver altar of Zin.
  4767 | D:5      | Reached XP level 8. HP: 32/52 MP: 8/13
  4813 | D:5      | Reached skill level 5 in Summonings
  5272 | D:5      | Found a radiant altar of Vehumet.
  5280 | D:5      | Became a worshipper of Vehumet
  5282 | D:5      | Found an iron altar of Okawaru.
  5288 | D:5      | Found a burning altar of Makhleb.
  5960 | D:6      | Acquired Vehumet's first power
  5960 | D:6      | Offered knowledge of Shock by Vehumet.
  6635 | D:7      | Reached skill level 1 in Polearms
  6670 | D:7      | Reached XP level 9. HP: 42/57 MP: 11/15
  6985 | D:7      | Noticed Duvessa
  6992 | D:7      | Noticed Dowan
  6997 | D:7      | Killed Duvessa
  6997 | D:7      | Offered knowledge of Flame Tongue by Vehumet.
  6998 | D:7      | Killed Dowan
  7100 | D:7      | Reached skill level 1 in Fighting
  7183 | D:7      | Reached skill level 8 in Ice Magic
  7236 | D:7      | Noticed Joseph
  7246 | D:7      | Killed Joseph
  7246 | D:7      | Reached skill level 5 in Spellcasting
  7584 | D:7      | Found a staircase to the Ecumenical Temple.
  7590 | Temple   | Entered the Ecumenical Temple
  8080 | D:7      | Noticed Prince Ribbit
  8099 | D:7      | Killed Prince Ribbit
  8253 | D:8      | Reached skill level 5 in Charms
  8276 | D:8      | Noticed Erolcha
  8284 | D:8      | Noticed emiel's ghost (experienced MfIE)
  8329 | D:8      | Cast into the Abyss (Erolcha)
  8434 | Abyss:1  | Noticed a thrashing horror
  8527 | Abyss:1  | Noticed a phantasmal warrior
  8542 | Abyss:1  | Noticed a golden dragon skeleton
  8544 | Abyss:1  | Noticed an ancient zyme
  8546 | Abyss:1  | Noticed a smoke demon
  8559 | Abyss:1  | Learned a level 3 spell: Regeneration
  8621 | Abyss:1  | Noticed a wretched star
  8624 | Abyss:1  | Noticed a smoke demon
  8640 | Abyss:1  | Noticed a large abomination
  8679 | Abyss:1  | Noticed a starcursed mass
  8683 | Abyss:1  | Noticed a titan simulacrum
  8684 | Abyss:1  | Slain by a titan simulacrum

Action                   |  1- 3 |  4- 6 |  7- 9 || total
-------------------------+-------+-------+-------++-------
Melee: Unarmed           |    46 |       |       ||    46
       Dagger            |    19 |    10 |       ||    29
       Spear             |       |    94 |   459 ||   553
 Cast: Freeze            |    34 |    48 |    92 ||   174
       Ozocubu's Armour  |       |     3 |    22 ||    25
       Summon Ice Beast  |       |       |    29 ||    29
       Regeneration      |       |       |     2 ||     2
Evoke: Wand              |       |       |     4 ||     4
  Use: Scroll            |     4 |     6 |     8 ||    18
       Potion            |       |       |     5 ||     5
 Stab: Sleeping          |     1 |     4 |     8 ||    13
       Invisible         |     1 |       |       ||     1
       Distracted        |       |     1 |     3 ||     4
       Paralysed         |       |       |     4 ||     4
       Confused          |       |       |     2 ||     2
       Petrifying        |       |       |     2 ||     2
  Eat: Chunk             |     2 |     8 |    22 ||    32
       Beef jerky        |       |       |     1 ||     1
